 Dungeon Crawl Stone Soup version 0.16.2-12-gd0ad4c3 (webtiles) character file.

356375 faibistes the Sorcerer (level 21, -21/126 HPs)
             Began as a Deep Elf Wizard on Mar 6, 2019.
             Was the Champion of Sif Muna.
             Demolished by Mennas
             ... wielding a +5 scimitar of holy wrath
              (23 damage)
             ... on level 3 of the Vaults on Mar 8, 2019.
             The game lasted 04:34:56 (82789 turns).

faibistes the Sorcerer (Deep Elf Wizard)           Turns: 82789, Time: 04:34:57

Health: -21/126    AC: 14    Str:  7    XL:     21   Next: 39%
Magic:  57/57      EV: 16    Int: 34    God:    Sif Muna [******]
Gold:   2949       SH:  0    Dex: 10    Spells: 11 memorised, 7 levels left

rFire  + . .     SeeInvis +     w - +9 trident of Eternal Vigilance {venom, rPois rC- rN+ MR+ MP+9 Stlth+}
rCold  . . .     Clarity  +     U - +2 robe {Archmagi}
rNeg   + . .     SustAb   .     (no shield)
rPois  +         Gourm    .     G - +1 helmet {SInv}
rElec  +         Spirit   .     m - +2 cloak
rCorr  .         Warding  .     Q - +2 pair of gloves of Death's Door {rC+ Regen+ Slay-4}
rMut   .         Stasis   .     o - +1 pair of boots
MR     +++..                    Z - amulet of the Duke {rElec rF+ Regen+ Str+3 Dex-3 Slay-4}
Stlth  +.........               n - ring of wizardry
                                W - ring of magical power

@: glowing, deflect missiles, extremely resistant to hostile enchantments, very
unstealthy
A: clarity, regeneration 1
a: Channel Energy, Forget Spell, Renounce Religion
}: 2/15 runes: decaying, serpentine


You were on level 3 of the Vaults.
You worshipped Sif Muna.
Sif Muna was exalted by your worship.
You were not hungry.

You visited 8 branches of the dungeon, and saw 44 of its levels.

You collected 4917 gold pieces.
You spent 1968 gold pieces at shops.

Inventory:

Hand weapons
 w - the +9 trident of Eternal Vigilance (weapon) {venom, rPois rC- rN+ MR+ MP+9 Stlth+}
   (You bought it in a shop on level 4 of the Orcish Mines)

   It poisons the flesh of those it strikes.
   It makes you vulnerable to cold.
   It protects you from poison.
   It protects you from negative energy.
   It affects your resistance to hostile enchantments.
   It affects your magic capacity (+9).
   It makes you more stealthy.
Armour
 m - a +2 cloak (worn)
 o - a +1 pair of boots (worn)
 s - a +0 robe of resistance
 G - a +1 helmet of see invisible (worn)
 Q - the +2 pair of gloves of Death's Door (worn) {rC+ Regen+ Slay-4}
   (You bought it in a shop on level 4 of the Orcish Mines)

   It affects your accuracy and damage with ranged weapons and melee attacks
   (-4).
   It protects you from cold.
   It increases your rate of regeneration.
 U - a +2 robe of the Archmagi (worn)
Jewellery
 a - a +5 ring of evasion
 h - an uncursed ring of fire
 n - a ring of wizardry (right hand)
 y - an uncursed ring of flight
 F - an uncursed ring of invisibility
 K - an uncursed ring of protection from magic
 W - a ring of magical power (left hand)
 Z - the amulet of the Duke (around neck) {rElec rF+ Regen+ Str+3 Dex-3 Slay-4}
   (You took it off a red devil on level 8 of the Lair of Beasts)

   [amulet of regeneration]

   It affects your strength (+3).
   It affects your dexterity (-3).
   It affects your accuracy and damage with ranged weapons and melee attacks
   (-4).
   It protects you from fire.
   It insulates you from electricity.
   It increases your rate of regeneration.
Magical devices
 e - a wand of teleportation (4)
 l - a wand of enslavement (11)
 A - a wand of teleportation (3)
 C - a wand of lightning (5)
 H - a wand of hasting (7)
 L - a wand of digging (13)
 P - a wand of disintegration (11)
 R - a wand of draining (6)
 S - a wand of lightning (4)
 T - a wand of fire (1)
 X - a wand of cold (0)
Scrolls
 i - a scroll of blinking
 j - 6 scrolls of teleportation
 p - 6 scrolls of fear
 v - 4 scrolls of immolation
 x - 9 scrolls of recharging
 I - 6 scrolls of magic mapping
 J - 14 scrolls of identify
 N - 12 scrolls of remove curse
 Y - 4 scrolls of fog
Potions
 b - 2 potions of resistance
 c - 9 potions of invisibility
 f - 8 potions of heal wounds
 g - 19 potions of curing
 r - 5 potions of restore abilities
 t - 8 potions of brilliance
 u - 7 potions of magic
 z - 4 potions of flight
 B - 3 potions of ambrosia
 D - 6 potions of cancellation
 O - a potion of cure mutation
 V - 7 potions of haste
Miscellaneous
 E - a phial of floods
Comestibles
 d - 25 bread rations
 M - 12 meat rations


   Skills:
 + Level 11.7 Fighting
 - Level 10.0 Dodging
 - Level 2.4 Stealth
 * Level 22.8 Spellcasting
 * Level 15.6 Conjurations
 - Level 11.0 Charms
   Level 1.1 Summonings
 - Level 12.2 Translocations
   Level 5.0 Transmutations
 * Level 15.7 Fire Magic
 - Level 3.4 Air Magic
 * Level 15.9 Earth Magic
   Level 1.5 Poison Magic
 - Level 10.0 Invocations
 - Level 9.0 Evocations


You had 7 spell levels left.
You knew the following spells:

 Your Spells              Type           Power        Failure   Level  Hunger
a - Magic Dart            Conj           ####         0%          1    None
b - Ring of Flames        Chrm/Fire      ########..   1%          7    None
c - Iskenderun's Battles  Conj/Chrm      ########     1%          5    None
d - Controlled Blink      Tloc           N/A          2%          7    None
f - Deflect Missiles      Chrm/Air       #######...   3%          6    None
h - Haste                 Chrm           ########     1%          6    None
k - Iron Shot             Conj/Erth      ########..   1%          6    None
l - Lee's Rapid Deconstr  Erth           ########..   1%          5    None
v - Bolt of Fire          Conj/Fire      ########..   1%          6    None
x - Force Lance           Conj/Tloc      ########     1%          4    None
z - Fireball              Conj/Fire      ########..   1%          5    None


Dungeon Overview and Level Annotations

Branches:
Dungeon (15/15)            Temple (1/1) D:5            Lair (8/8) D:9
  Swamp (5/5) Lair:3        Snake (5/5) Lair:3        Slime (0/6) Lair:6
    Orc (4/4) D:9             Elf (2/3) Orc:3        Vaults (4/5) D:14
  Crypt (0/3) Vaults:2     Depths (0/5) D:15

Altars:
Ashenzari
Cheibriados
Dithmenos
Elyvilon
Fedhas
Gozag
Kikubaaqudgha
Makhleb
Nemelex Xobeh
Okawaru
Qazlal
Ru
Sif Muna
Trog
Vehumet
Xom
Yredelemnul
Zin
The Shining One

Shops:
D:6 !   D:13 (:[=   Orc:3 !   Orc:4 **(!   Elf:1 (   Snake:2 (   Vaults:1 (

Portals:
Hell: Lair:8

Annotations:
Vaults:3 Mennas


Innate Abilities, Weirdness & Mutations

You possess an exceptional clarity of mind.
Your natural rate of healing is unusually fast.


Message History

Mennas hits you with a scimitar of holy wrath!!
Mennas misses you.
Mennas hits you with a scimitar of holy wrath. x2
There is a large open door here.
Mennas closely misses you.
Mennas hits you with a scimitar of holy wrath!!
Mennas hits you with a scimitar of holy wrath!
* * * LOW HITPOINT WARNING * * *
Mennas hits you with a scimitar of holy wrath!
* * * LOW HITPOINT WARNING * * *
Mennas hits you with a scimitar of holy wrath!!
* * * LOW HITPOINT WARNING * * *
Mennas hits you with a scimitar of holy wrath.
* * * LOW HITPOINT WARNING * * *
Mennas becomes audible again.
Mennas looks to the heavens.
Mennas hits you with a scimitar of holy wrath.
* * * LOW HITPOINT WARNING * * *
Mennas hits you with a scimitar of holy wrath!!
You die...

###''###########
#..............
#..............
+..............
#.......>......
#..............
#..............
#.A............
#.@............
#.....######+##
#.....# #.....#
#.....# #.....#
#.....##
#......#
#......#


You could see Mennas.

Vanquished Creatures
  Boris (Vaults:2)
  Norris (Swamp:3)
  Xtahua (Vaults:2)
  The ghost of faibistes the Eclecticist, a mighty DEWz of Sif Muna (Vaults:2)
  Vashnia (Snake:4)
  A deep elf blademaster (Elf:2)
  3 thorn hunters
  Agnes (Vaults:1)
  Kirke (D:14)
  8 greater nagas
  Roxanne (D:14)
  A tengu reaver (Vaults:1)
  The ghost of faibistes the Eclecticist, a mighty DEWz of Sif Muna (Elf:2)
  Wiglaf (Swamp:3)
  Maud (D:14)
  The ghost of faibistes the Eclecticist, a mighty DEWz of Sif Muna (Swamp:3)
  4 vault wardens
  The ghost of faibistes the Eclecticist, a mighty DEWz of Sif Muna (Snake:2)
  3 deep elf sorcerers
  A ghoul (Vaults:1)
  An orc warlord (Orc:3)
  Jorgrun (Swamp:3)
  9 ironheart preservers
  2 stone giants (Vaults:2)
  2 deep elf demonologists (Vaults:1)
  3 deep elf annihilators
  A dire elephant (Lair:8)
  Snorg (Lair:5)
  3 deep elf death magi
  Josephine (D:9)
  3 fire dragons
  3 great orbs of eyes
  An ettin (Vaults:1)
  Fannar (Lair:2)
  2 yaktaur captains
  6 vault guards (Vaults:2)
  Harold (Lair:6)
  22 hydras
  8 anacondas
  8 ice dragons
  17 naga warriors
  9 centaur warriors
  A rakshasa (Vaults:1)
  A ghost crab (Swamp:5)
  A deep troll earth mage (Vaults:2)
  12 death yaks
  15 dancing weapons (Elf:2)
  9 ogre magi
  8 alligators
  6 shock serpents
  17 naga sharpshooters
  Urug (Orc:2)
  4 orc high priests
  2 deep troll shamans (Vaults:2)
  Nergalle (Lair:8)
  A sun demon (Lair:8)
  A shock serpent (shapeshifter) (D:15)
  A shadow wraith (D:14)
  18 deep elf knights
  A fire crab (Vaults:1)
  A salamander mystic (Snake:1)
  A flayed ghost (Vaults:1)
  6 wizards
  4 hell knights (Vaults:1)
  5 iron trolls (Vaults:1)
  12 sea snakes
  7 deep trolls (Vaults:2)
  3 skeletal warriors (D:15)
  Erolcha (Vaults:1)
  6 deep elf summoners
  6 swamp dragons
  6 unseen horrors
  3 naga ritualists
  12 ironbrand convokers
  A giant orange brain (shapeshifter) (Vaults:1)
  9 hill giants
  Pikel (D:6)
  A giant orange brain (D:15)
  10 deep elf conjurers
  7 orc sorcerers
  11 orc knights
  8 oklob plants (Lair:3)
  An orb spider (shapeshifter) (D:15)
  11 mana vipers
  A phantasmal warrior (Vaults:1)
  9 salamanders
  A wolf spider zombie (D:14)
  14 cyclopes
  2 manticores
  A sixfirhy (Lair:8)
  A wolf spider (Vaults:1)
  53 ugly things
  7 hornets
  A guardian serpent (shapeshifter) (Vaults:1)
  3 griffons
  A wolf spider (shapeshifter) (Vaults:1)
  8 necromancers
  37 black mambas
  9 guardian serpents
  16 elephants
  Joseph (D:12)
  10 vault sentinels
  6 orange demons (Lair:8)
  A torpor snail (Lair:3)
  3 kobold demonologists
  An orange crystal statue (Vaults:4)
  Psyche (Orc:4)
  20 naga magi
  A black mamba (shapeshifter) (D:14)
  3 centaur skeletons
  14 komodo dragons
  27 spiny frogs
  12 yaktaurs
  3 fire drakes
  2 red devils (Lair:8)
  A hellwing (Lair:8)
  A human skeleton (Vaults:1)
  17 deep elf priests
  5 freezing wraiths
  A raiju (shapeshifter) (Vaults:2)
  A polar bear (shapeshifter) (D:14)
  A blink frog (shapeshifter) (Elf:2)
  A jumping spider (shapeshifter) (D:15)
  A two-headed ogre (shapeshifter) (Vaults:3)
  2 boulder beetles (Vaults:1)
  5 large abominations (Elf:1)
  10 two-headed ogres
  A queen bee (shapeshifter) (Elf:2)
  5 trolls
  12 giant leeches
  36 slime creatures
  A blue devil (Lair:8)
  8 ravens
  15 blink frogs
  3 small abominations (Vaults:2)
  10 bog bodies
  A basilisk (Lair:1)
  A trapdoor spider (D:13)
  10 spriggans
  A spriggan (shapeshifter) (D:15)
  3 baby alligators (Swamp:5)
  2 redbacks (Vaults:1)
  27 deep elf magi
  2 wyverns
  61 yaks
  A trapdoor spider (shapeshifter) (Elf:2)
  A hog (D:14)
  2 wandering mushrooms
  A hog (shapeshifter) (D:15)
  14 humans
  A shadow (Swamp:2)
  5 vampires (Vaults:1)
  34 deep elf fighters
  8 hippogriffs
  5 swamp worm simulacra (Swamp:5)
  41 vampire mosquitoes
  5 wargs
  2 mottled dragons (Vaults:2)
  3 hungry ghosts
  60 nagas
  15 wolves
  14 hydra simulacra (Swamp:5)
  A soldier ant (D:13)
  19 insubstantial wisps
  A soldier ant (shapeshifter) (D:15)
  14 swamp drakes
  25 swamp worms
  3 phantoms
  A hell hound (Lair:8)
  26 orc warriors
  12 porcupines
  3 sky beasts
  8 boggarts
  12 necrophages
  An eye of draining (D:8)
  3 slaves (D:6)
  9 wasps
  34 water moccasins
  4 ice beasts
  40 ogres
  3 boring beetles (Lair:8)
  22 centaurs
  3 lost souls (Vaults:1)
  Duvessa (D:9)
  25 crocodiles
  6 elf zombies (Elf:1)
  The ghost of faibistes the Magician, an average DEWz (D:4)
  A boring beetle (shapeshifter) (D:13)
  10 big kobolds
  27 giant frogs
  4 scorpions
  A wyvern skeleton (D:14)
  14 killer bees
  29 wights
  7 electric eels
  Dowan (D:9)
  2 goliath beetles
  2 giant frog zombies
  8 hounds
  6 crimson imps
  5 lava snakes (Snake:4)
  2 human simulacra (Vaults:1)
  11 jellies
  34 orc priests
  2 centaur zombies
  A giant frog skeleton (D:5)
  34 orc wizards
  12 iguanas
  A hell rat (Lair:3)
  19 worker ants
  20 sheep
  Ijyb (D:6)
  3 hound skeletons
  A mummy (D:8)
  Robin (D:2)
  An orc zombie (Orc:4)
  30 adders
  77 river rats
  A giant mite (D:7)
  4 shadow imps
  3 worms
  3 swamp drake simulacra (Swamp:5)
  An adder zombie (D:8)
  10 giant geckos
  3 oozes
  174 orcs
  A bat zombie (D:8)
  4 giant cockroaches
  30 goblins
  31 hobgoblins
  8 jackals
  2 ball pythons
  14 bats
  8 giant newts
  63 kobolds
  13 quokkas
  20 rats
  8 fungi
  21 plants
2164 creatures vanquished.

Vanquished Creatures (collateral kills)
  A deep elf priest (Elf:1)
  A deep elf fighter (Elf:1)
  A water moccasin (Lair:1)
  An ice beast (Lair:2)
  An iguana (Lair:3)
  4 river rats (Lair:1)
  A worm (D:3)
  2 orcs (D:3)
  3 goblins
  A jackal (D:1)
  2 rats (D:3)
18 creatures vanquished.

Vanquished Creatures (others)
  A hydra (Swamp:5)
  A hornet (Swamp:5)
  A dryad (Elf:2)
  A spiny frog (Swamp:5)
  3 humans (D:14)
  A water moccasin (Swamp:5)
  A slave (D:6)
  A lost soul (Vaults:1)
  5 crimson imps
  An orc wizard (D:8)
  An adder (D:6)
  3 white imps
  A kobold (D:5)
  38 fungi
  22 plants
  134 snaplasher vine segments (Elf:2)
  8 toadstools (Swamp:1)
223 creatures vanquished.

Grand Total: 2405 creatures vanquished

Notes
Turn   | Place    | Note
--------------------------------------------------------------
     0 | D:1      | faibistes, the Deep Elf Wizard, began the quest for the Orb.
     0 | D:1      | Reached XP level 1. HP: 10/10 MP: 6/6
   208 | D:1      | Reached XP level 2. HP: 15/15 MP: 8/10
   221 | D:1      | Learned a level 2 spell: Blink
   224 | D:1      | Learned a level 2 spell: Call Imp
   734 | D:1      | Reached skill level 5 in Spellcasting
  1102 | D:1      | Reached XP level 3. HP: 19/19 MP: 10/14
  1125 | D:1      | Learned a level 3 spell: Conjure Flame
  1129 | D:1      | Learned a level 3 spell: Mephitic Cloud
  1493 | D:2      | Noticed Robin
  1530 | D:2      | Killed Robin
  1726 | D:3      | Found an ancient bone altar of Kikubaaqudgha.
  1876 | D:3      | Reached XP level 4. HP: 22/24 MP: 14/17
  1885 | D:3      | Learned a level 2 spell: Repel Missiles
  3158 | D:2      | Reached skill level 6 in Spellcasting
  3158 | D:2      | Reached XP level 5. HP: 28/28 MP: 15/20
  3491 | D:5      | Entered Level 5 of the Dungeon
  4612 | D:4      | Noticed faibistes' ghost (average DEWz)
  4626 | D:4      | Killed faibistes' ghost
  4626 | D:4      | Reached XP level 6. HP: 29/32 MP: 7/22
  4664 | D:4      | Found a sparkling altar of Nemelex Xobeh.
  4668 | D:4      | Found an opulent altar of Gozag.
  5206 | D:5      | Found a burning altar of Makhleb.
  5209 | D:5      | Noticed a sky beast
  5235 | D:5      | Killed a sky beast
  5235 | D:5      | Reached skill level 1 in Fighting
  5335 | D:5      | Reached skill level 1 in Evocations
  5525 | D:5      | Reached skill level 7 in Spellcasting
  5750 | D:5      | Reached XP level 7. HP: 38/38 MP: 16/25
  5922 | D:5      | Found a staircase to the Ecumenical Temple.
  5937 | Temple   | Entered the Ecumenical Temple
  6469 | D:5      | Reached skill level 5 in Dodging
  6662 | D:5      | Reached skill level 8 in Spellcasting
  7089 | D:6      | Noticed Ijyb
  7099 | D:6      | Killed Ijyb
  7111 | D:6      | Reached XP level 8. HP: 44/46 MP: 15/27
  7359 | D:7      | Reached skill level 9 in Spellcasting
  7513 | D:7      | Identified the Collected Works on Ignition and Battle Magic
  7946 | D:6      | Noticed Pikel
  8172 | D:6      | Killed Pikel
  8172 | D:6      | Reached skill level 10 in Spellcasting
  8172 | D:6      | Reached XP level 9. HP: 46/52 MP: 18/30
  8321 | D:6      | Found Brounkoa's Distillery.
  8327 | D:6      | Bought a potion of poison for 10 gold pieces
  8328 | D:6      | Bought a potion of curing for 30 gold pieces
  9149 | D:6      | Reached skill level 5 in Fighting
  9817 | D:6      | Reached skill level 5 in Evocations
 10126 | D:7      | Reached skill level 11 in Spellcasting
 11961 | D:9      | Noticed Duvessa
 11961 | D:9      | Noticed Dowan
 11991 | D:9      | Killed Duvessa
 11994 | D:9      | Killed Dowan
 12474 | D:8      | Reached XP level 10. HP: 56/60 MP: 16/32
 12582 | D:8      | Found a deep blue altar of Sif Muna.
 12588 | D:8      | Became a worshipper of Sif Muna the Loreminder
 12605 | D:8      | Found an ancient bone altar of Kikubaaqudgha.
 12834 | D:8      | Reached skill level 12 in Spellcasting
 12896 | D:8      | Reached skill level 1 in Fire Magic
 13070 | D:9      | Reached skill level 1 in Air Magic
 13085 | D:9      | Found a staircase to the Orcish Mines.
 13177 | D:9      | Found an iron altar of Okawaru.
 13180 | D:9      | Found a shattered altar of Ashenzari.
 13182 | D:9      | Found a glowing golden altar of the Shining One.
 13297 | D:9      | Found a staircase to the Lair.
 13559 | D:9      | Acquired Sif Muna's first power
 13654 | D:10     | Entered Level 10 of the Dungeon
 13654 | D:10     | Noticed Josephine
 14142 | D:10     | Noticed a hill giant
 14187 | D:9      | Killed a hill giant
 14187 | D:9      | Reached skill level 5 in Conjurations
 14187 | D:9      | Reached skill level 1 in Poison Magic
 14748 | D:9      | Acquired Sif Muna's second power
 14899 | D:9      | Learned a level 5 spell: Ignite Poison
 14989 | D:9      | Reached skill level 1 in Charms
 15061 | D:10     | Reached skill level 1 in Transmutations
 15061 | D:10     | Reached skill level 1 in Invocations
 15095 | D:9      | Killed Josephine
 15095 | D:9      | Reached XP level 11. HP: 42/64 MP: 21/34
 15498 | D:9      | Reached skill level 13 in Spellcasting
 16303 | Lair:1   | Entered Level 1 of the Lair of Beasts
 17572 | Lair:1   | Reached skill level 5 in Fire Magic
 18020 | Lair:1   | Got a crystal dagger
 18021 | Lair:1   | Identified the +5 dagger "Fiunlaba" {freeze, rF+ MP+9} (You found it on level 1 of the Lair of Beasts)
 18763 | Lair:2   | Noticed Fannar
 18847 | Lair:2   | Killed Fannar
 19136 | Lair:3   | Acquired Sif Muna's third power
 20043 | Lair:2   | Reached XP level 12. HP: 29/71 MP: 27/36
 20981 | Lair:2   | Learned a level 6 spell: Bolt of Fire
 21329 | Lair:6   | Reached skill level 5 in Transmutations
 21337 | Lair:6   | Noticed Snorg
 21462 | Lair:5   | Killed Snorg
 21462 | Lair:5   | Reached skill level 5 in Invocations
 22155 | Lair:4   | Reached skill level 14 in Spellcasting
 22385 | Lair:4   | Reached skill level 5 in Charms
 22910 | Lair:3   | Found a runed door.
 22927 | Lair:3   | Found a staircase to the Swamp.
 22934 | Lair:3   | Got a shimmering eveningstar
 22935 | Lair:3   | Identified the +10 eveningstar "Puasme" {flame, rC+ Int+4} (You found it on level 3 of the Lair of Beasts)
 23066 | Lair:3   | Found a staircase to the Snake Pit.
 23190 | Lair:4   | Reached skill level 5 in Translocations
 23487 | Lair:4   | Learned a level 5 spell: Fireball
 23492 | Lair:4   | Learned a level 4 spell: Sticky Flame
 24013 | Lair:6   | Found a staircase to the Slime Pits.
 24021 | Lair:6   | Noticed Harold
 24124 | Lair:6   | Killed Harold
 24309 | Lair:5   | Noticed a five-headed hydra
 24334 | Lair:5   | Killed a five-headed hydra
 24334 | Lair:5   | Reached XP level 13. HP: 76/76 MP: 14/37
 24998 | Lair:5   | Learned a level 5 spell: Lee's Rapid Deconstruction
 25001 | Lair:5   | Noticed an eight-headed hydra
 25005 | Lair:5   | Killed an eight-headed hydra
 25005 | Lair:5   | Reached skill level 1 in Earth Magic
 25616 | Lair:6   | Noticed a five-headed hydra
 25625 | Lair:6   | Killed a five-headed hydra
 25784 | Lair:6   | Noticed a seven-headed hydra
 25797 | Lair:6   | Killed a seven-headed hydra
 25993 | Lair:6   | Received a gift from Sif Muna
 25998 | Lair:6   | Identified Feppige's Compendium of Fire (Sif Muna gifted it to you on level 6 of the Lair of Beasts)
 27611 | Lair:3   | Reached skill level 10 in Dodging
 28313 | Lair:3   | Noticed an eight-headed hydra
 28320 | Lair:3   | Killed an eight-headed hydra
 28630 | Lair:8   | Entered Level 8 of the Lair of Beasts
 28849 | Lair:8   | Noticed Nergalle
 28900 | Lair:8   | Killed Nergalle
 28900 | Lair:8   | Reached skill level 15 in Spellcasting
 29858 | Lair:7   | Learned a level 4 spell: Force Lance
 29874 | Lair:7   | Reached XP level 14. HP: 41/82 MP: 16/38
 29877 | Lair:7   | Received a gift from Sif Muna
 29877 | Lair:7   | Reached skill level 5 in Earth Magic
 31795 | Lair:8   | Noticed a dire elephant
 31808 | Lair:8   | Killed a dire elephant
 32109 | Lair:8   | Found a burning altar of Makhleb.
 32743 | Lair:8   | Got a coiled steel amulet
 32744 | Lair:8   | Identified the amulet of the Duke {rElec rF+ Regen+ Str+3 Dex-3 Slay-4} (You took it off a red devil on level 8 of the Lair of Beasts)
 32753 | Lair:8   | Reached skill level 16 in Spellcasting
 33062 | Lair:8   | Received a gift from Sif Muna
 33066 | Lair:8   | Identified Sif Muna's Papyrus of Lucky Shape Shifting (Sif Muna gifted it to you on level 8 of the Lair of Beasts)
 33359 | Lair:8   | Found a gateway to Hell.
 33573 | Lair:2   | Learned a level 6 spell: Haste
 33655 | Orc:1    | Entered Level 1 of the Orcish Mines
 34507 | Orc:2    | Noticed Urug
 34517 | Orc:2    | Killed Urug
 34908 | Orc:4    | Entered Level 4 of the Orcish Mines
 35732 | Orc:3    | Found a staircase to the Elven Halls.
 35733 | Orc:3    | Found Cumm's Distillery.
 35749 | Orc:3    | Bought a potion of magic for 136 gold pieces
 35749 | Orc:3    | Bought a potion of curing for 51 gold pieces
 35749 | Orc:3    | Bought a potion of cancellation for 136 gold pieces
 35749 | Orc:3    | Bought a potion of heal wounds for 85 gold pieces
 35869 | Orc:3    | Noticed an orc warlord
 36068 | Orc:3    | Killed an orc warlord
 36253 | Orc:4    | Noticed Psyche
 36255 | Orc:4    | Killed Psyche
 36255 | Orc:4    | Reached XP level 15. HP: 88/88 MP: 24/40
 38096 | Orc:4    | Reached skill level 10 in Invocations
 38635 | Orc:4    | Found Mnaecs' Distillery.
 38653 | Orc:4    | Found Qatsipeg's Antique Weapon Shoppe.
 38658 | Orc:4    | Found Neaheuj's Assorted Antiques.
 38660 | Orc:4    | Found Throruohe's General Store.
 38667 | Orc:4    | Bought an ancient robe for 188 gold pieces
 38669 | Orc:4    | Bought the +2 pair of gloves of Death's Door {rC+ Regen+ Slay-4} for 232 gold pieces
 38681 | Orc:4    | Bought a dazzling long sword for 280 gold pieces
 38681 | Orc:4    | Identified the +6 long sword "Pukkusk" {distort, rElec rPois Str+3 Dex+4} (You bought it in a shop on level 4 of the Orcish Mines)
 38690 | Orc:4    | Bought a scorched trident for 144 gold pieces
 38692 | Orc:4    | Bought a potion of invisibility for 96 gold pieces
 38763 | Orc:4    | Identified the +9 trident of Eternal Vigilance {venom, rPois rC- rN+ MR+ MP+9 Stlth+} (You bought it in a shop on level 4 of the Orcish Mines)
 38834 | Orc:4    | Identified the +4 robe "Preasm" {+Inv SInv Stlth+} (You bought it in a shop on level 4 of the Orcish Mines)
 38981 | Lair:2   | Learned a level 5 spell: Summon Forest
 39112 | Elf:1    | Entered Level 1 of the Elven Halls
 39400 | Elf:1    | Found Klol's Weapon Emporium.
 40125 | Elf:2    | Received a gift from Sif Muna
 40125 | Elf:2    | Reached skill level 10 in Conjurations
 40134 | Elf:2    | Reached skill level 10 in Fire Magic
 40538 | Elf:1    | Reached skill level 17 in Spellcasting
 41153 | Elf:1    | Identified the Collected Works on Evil
 41404 | Elf:2    | Gained mutation: Your natural rate of healing is unusually fast. [potion of beneficial mutation]
 41546 | Elf:2    | Noticed faibistes' ghost (mighty DEWz)
 41573 | Elf:2    | Killed faibistes' ghost
 41796 | Elf:2    | Found a runed gate.
 41796 | Elf:2    | Found a runed gate.
 41797 | Elf:2    | Found a runed gate.
 42796 | Elf:2    | Noticed a deep elf blademaster
 42798 | Elf:2    | Killed a deep elf blademaster
 42798 | Elf:2    | Received a gift from Sif Muna
 42798 | Elf:2    | Reached XP level 16. HP: 94/94 MP: 17/41
 42861 | Elf:2    | Identified Skashrut's Grimoire of Aid (Sif Muna gifted it to you on level 2 of the Elven Halls)
 43238 | Elf:2    | Reached skill level 10 in Charms
 43386 | Elf:2    | Reached skill level 10 in Earth Magic
 43997 | Lair:2   | Learned a level 6 spell: Deflect Missiles
 44052 | Snake:1  | Entered Level 1 of the Snake Pit
 44145 | Snake:2  | Noticed faibistes' ghost (mighty DEWz)
 44148 | Snake:2  | Killed faibistes' ghost
 44152 | Snake:2  | Reached skill level 18 in Spellcasting
 44799 | Snake:1  | Got a twisted falchion
 45448 | Snake:1  | Received a gift from Sif Muna
 45449 | Snake:1  | Identified Sif Muna's Papyrus of Vitriolic Battle Magic (Sif Muna gifted it to you on level 1 of the Snake Pit)
 45457 | Snake:1  | Learned a level 5 spell: Iskenderun's Battlesphere
 46106 | Snake:3  | Identified the +5 falchion of Power {slice, Dex+5} (You found it on level 1 of the Snake Pit)
 46171 | Snake:2  | Found Puxtidim's Weapon Shop.
 47310 | Snake:5  | Entered Level 5 of the Snake Pit
 47698 | Snake:4  | Reached XP level 17. HP: 100/100 MP: 40/42
 48034 | Snake:4  | Received a gift from Sif Muna
 48538 | Snake:4  | Identified Sif Muna's Grimoire of the Voyage (Sif Muna gifted it to you on level 4 of the Snake Pit)
 49046 | Snake:4  | Got a clouded bone amulet
 49211 | Snake:4  | Noticed Vashnia
 49232 | Snake:4  | Reached skill level 19 in Spellcasting
 50224 | Snake:4  | Killed Vashnia
 51009 | Snake:5  | Received a gift from Sif Muna
 51012 | Snake:5  | Identified Sif Muna's Volume of Fiery Conjuration (Sif Muna gifted it to you on level 5 of the Snake Pit)
 51361 | Snake:5  | Identified the amulet "Klywy" {Inacc rF+ rN+} (You found it on level 4 of the Snake Pit)
 53348 | Snake:5  | Reached XP level 18. HP: 107/107 MP: 13/43
 53719 | Snake:5  | Got a serpentine rune of Zot
 54261 | Swamp:1  | Entered Level 1 of the Swamp
 54266 | Swamp:1  | Received a gift from Sif Muna
 54266 | Swamp:1  | Reached skill level 20 in Spellcasting
 54267 | Swamp:1  | Identified Sif Muna's Tome of Protection and Earth (Sif Muna gifted it to you on level 1 of the Swamp)
 54275 | Swamp:1  | Learned a level 6 spell: Iron Shot
 54575 | Swamp:1  | Reached skill level 10 in Fighting
 55381 | Swamp:1  | Identified a scroll of acquirement
 57226 | Swamp:3  | Reached skill level 10 in Translocations
 57298 | Swamp:3  | Noticed faibistes' ghost (mighty DEWz)
 57300 | Swamp:3  | Killed faibistes' ghost
 58692 | Swamp:3  | Noticed Jorgrun
 58697 | Swamp:3  | Killed Jorgrun
 58854 | Swamp:3  | Noticed Norris
 59027 | Swamp:3  | Killed Norris
 59027 | Swamp:3  | Received a gift from Sif Muna
 59028 | Swamp:3  | Identified Sif Muna's Papyrus of Dusty Confrontation (Sif Muna gifted it to you on level 3 of the Swamp)
 59804 | Swamp:3  | Noticed Wiglaf
 59809 | Swamp:3  | Killed Wiglaf
 60827 | Swamp:5  | Entered Level 5 of the Swamp
 61445 | Swamp:4  | Gained mutation: You possess an exceptional clarity of mind. [potion of beneficial mutation]
 62912 | Swamp:5  | Reached XP level 19. HP: 113/113 MP: 8/44
 63968 | Swamp:5  | Got a decaying rune of Zot
 64219 | Lair:2   | Learned a level 7 spell: Controlled Blink
 64229 | Lair:2   | Learned a level 7 spell: Ring of Flames
 66154 | D:12     | Found Mnonaos' Assorted Antiques.
 66186 | D:13     | Found a blossoming altar of Fedhas.
 66319 | D:13     | Found Ongeshru's Antique Weapon Emporium.
 66358 | D:14     | Received a gift from Sif Muna
 66362 | D:14     | Identified Sif Muna's Volume of Scorching Battle Magic (Sif Muna gifted it to you on level 14 of the Dungeon)
 66363 | D:14     | Noticed Maud
 66547 | D:14     | Killed Maud
 66659 | D:12     | Noticed Joseph
 66660 | D:12     | Killed Joseph
 67166 | D:12     | Found a burning altar of Makhleb.
 67445 | D:13     | Found Moimo's Book Shop.
 67542 | D:14     | Noticed Kirke
 67544 | D:14     | Killed Kirke
 67855 | D:13     | Reached skill level 21 in Spellcasting
 68241 | D:13     | Found Kuwku's Armour Shop.
 68261 | D:13     | Bought a +1 helmet of see invisible for 280 gold pieces
 68471 | D:13     | Found Ryfooj's Jewellery Emporium.
 68675 | D:13     | Bought an uncursed ring of magical power for 300 gold pieces
 69125 | D:14     | Got a shimmering flail
 69126 | D:14     | Identified the +7 flail "Tiurae Fyci" {holy, -Tele rF+ MR+} (You found it on level 14 of the Dungeon)
 69341 | D:10     | Noticed a hill giant
 69343 | D:10     | Killed a hill giant
 69996 | D:15     | Entered Level 15 of the Dungeon
 70094 | D:14     | Noticed Roxanne
 70097 | D:14     | Killed Roxanne
 70171 | D:14     | Identified Roxanne's Incunabulum of the Centipede (You took it off Roxanne on level 14 of the Dungeon)
 70667 | D:14     | Found a gate to the Vaults.
 71550 | D:15     | Received a gift from Sif Muna
 71551 | D:15     | Identified Lehudib's Incunabulum of Confrontation (Sif Muna gifted it to you on level 15 of the Dungeon)
 71808 | D:15     | Found a staircase to the Depths.
 72401 | Vaults:1 | Entered Level 1 of the Vaults
 72651 | Vaults:1 | Noticed Agnes
 72831 | Vaults:1 | Killed Agnes
 73204 | Vaults:1 | Noticed Erolcha
 73346 | Vaults:1 | Killed Erolcha
 74371 | Vaults:1 | Reached XP level 20. HP: 120/120 MP: 24/45
 75039 | Vaults:1 | Received a gift from Sif Muna
 75723 | Vaults:1 | Reached skill level 22 in Spellcasting
 75922 | Vaults:1 | Found Mnyj's Antique Weapon Shoppe.
 77261 | Vaults:1 | Reached skill level 15 in Earth Magic
 77781 | Vaults:2 | Received a gift from Sif Muna
 77931 | Vaults:2 | Noticed faibistes' ghost (mighty DEWz)
 77934 | Vaults:2 | Killed faibistes' ghost
 78057 | Vaults:2 | Noticed Xtahua
 78080 | Vaults:2 | Killed Xtahua
 78321 | Vaults:2 | Reached skill level 15 in Fire Magic
 79175 | Vaults:2 | Reached skill level 15 in Conjurations
 79389 | Vaults:2 | Noticed Boris
 79395 | Vaults:2 | Killed Boris
 79409 | Vaults:2 | Reached XP level 21. HP: 125/125 MP: 7/46
 80025 | Vaults:2 | Received a gift from Sif Muna
 81254 | Vaults:2 | Found an ancient bone altar of Kikubaaqudgha.
 81255 | Vaults:2 | Found a staircase to the Crypt.
 81278 | Vaults:2 | Found a basalt altar of Yredelemnul.
 82767 | Vaults:4 | Noticed Mennas
 82787 | Vaults:3 | HP: 5/126 [Mennas/scimitar of holy wrath (4)]
 82789 | Vaults:3 | HP: 2/126 [Mennas/scimitar of holy wrath (5)]
 82789 | Vaults:3 | Demolished by Mennas

Action                   |  1- 3 |  4- 6 |  7- 9 | 10-12 | 13-15 | 16-18 | 19-21 || total
-------------------------+-------+-------+-------+-------+-------+-------+-------++-------
Melee: Dagger            |     8 |    27 |    12 |   184 |    78 |       |       ||   309
       Short sword       |       |       |   186 |   196 |       |       |       ||   382
       Trident           |       |       |       |       |     2 |     1 |    17 ||    20
 Cast: Magic Dart        |    96 |   188 |   361 |   733 |    24 |   133 |    69 ||  1604
       Call Imp          |     6 |     3 |       |    17 |       |       |       ||    26
       Mephitic Cloud    |     2 |     5 |    36 |    79 |     4 |       |       ||   126
       Repel Missiles    |       |     1 |     3 |     1 |     1 |       |       ||     6
       Conjure Flame     |       |     8 |    30 |   112 |    75 |       |       ||   225
       Blink             |       |       |     2 |    53 |     6 |     4 |       ||    65
       Ignite Poison     |       |       |       |    24 |    45 |   128 |     2 ||   199
       Fireball          |       |       |       |    10 |   279 |   225 |   246 ||   760
       Sticky Flame      |       |       |       |     7 |    42 |       |       ||    49
       Lee's Rapid Decon |       |       |       |       |   112 |    89 |   196 ||   397
       Bolt of Fire      |       |       |       |       |    55 |   179 |   251 ||   485
       Force Lance       |       |       |       |       |    82 |    74 |    55 ||   211
       Summon Forest     |       |       |       |       |     2 |     1 |       ||     3
       Haste             |       |       |       |       |       |    15 |     4 ||    19
       Deflect Missiles  |       |       |       |       |       |     5 |     3 ||     8
       Iskenderun's Batt |       |       |       |       |       |    39 |    38 ||    77
       Iron Shot         |       |       |       |       |       |    10 |    19 ||    29
       Ring of Flames    |       |       |       |       |       |       |    11 ||    11
       Controlled Blink  |       |       |       |       |       |       |     4 ||     4
Invok: Channel Energy    |       |       |       |     6 |    63 |   115 |    86 ||   270
       Forget Spell      |       |       |       |       |       |     1 |     4 ||     5
Evoke: Wand              |       |       |       |    16 |       |     3 |     6 ||    25
  Use: Scroll            |     4 |     9 |     5 |    15 |    14 |    14 |     7 ||    68
       Potion            |       |       |       |     2 |     4 |     7 |       ||    13
 Stab: Sleeping          |     2 |     1 |     1 |     1 |     1 |       |       ||     6
       Confused          |     1 |       |     9 |    13 |       |       |       ||    23
  Eat: Chunk             |     3 |    12 |    17 |    37 |    62 |    59 |    37 ||   227
       Fruit             |       |       |     3 |     1 |     5 |    14 |     5 ||    28
       Pizza             |       |       |       |       |     2 |     2 |    12 ||    16
       Beef jerky        |       |       |       |       |     1 |     6 |     3 ||    10
       Royal jelly       |       |       |       |       |       |       |     2 ||     2
       Bread ration      |       |       |       |       |       |       |     2 ||     2
